 Dungeon Crawl Stone Soup version 0.21.1-68-g103a7afc0a (webtiles) character file.

80 Pisosu the Conjurer (level 4, -7/24 HPs)
             Began as a Deep Elf Conjurer on Aug 2, 2018.
             Mangled by an ogre
             ... wielding a +0 giant club
              (24 damage)
             ... on level 3 of the Dungeon.
             The game lasted 00:07:37 (1041 turns).

Pisosu the Conjurer (Deep Elf Conjurer)             Turns: 1041, Time: 00:07:38

Health: -7/24      AC:  3    Str:  5    XL:     4   Next: 18%
Magic:  5/11       EV: 19    Int: 21    God:
Gold:   96         SH:  0    Dex: 20    Spells: 4/10 levels left

rFire    . . .     SeeInvis .   g - -1 halberd (curse)
rCold    . . .     Gourm    .   (shield currently unavailable)
rNeg     . . .     Faith    .   a - +0 robe
rPois    .         Spirit   .   (no helmet)
rElec    .         Reflect  .   (no cloak)
rCorr    .         Harm     .   (no gloves)
MR       .....                  e - +0 pair of boots (curse)
Stlth    ++++......             i - amulet of magic regeneration
HPRegen  0.08/turn              (no ring)
MPRegen  0.37/turn              (no ring)

@: agile, flying
A: no striking features
a: no special abilities


You were on level 3 of the Dungeon.
You were not hungry.

You visited 1 branch of the dungeon, and saw 3 of its levels.

You collected 96 gold pieces.

Inventory:

Hand Weapons
 d - a -2 short sword
 g - a cursed -1 halberd (weapon)
Armour
 a - a +0 robe (worn)
 e - a cursed +0 pair of boots (worn)
 m - a +0 leather armour
Jewellery
 i - an amulet of magic regeneration (around neck)
Potions
 h - a potion of brilliance {unknown}
Books
 b - a book of Conjurations

   Spells                             Type                      Level
   a - Magic Dart                     Conjuration                  1
   b - Searing Ray                    Conjuration                  2
   c - Dazzling Spray                 Conjuration/Hexes            3
   d - Fulminant Prism                Conjuration/Hexes            4
   e - Force Lance                    Conjuration/Translocation    4
   f - Iskenderun's Mystic Blast      Conjuration                  4
Comestibles
 c - 2 rations
 f - 2 chunks of flesh


   Skills:
 + Level 2.9 Dodging
 + Level 2.8 Stealth
 + Level 3.9 Spellcasting
 + Level 5.6 Conjurations


You had 4 spell levels left.
You knew the following spells:

 Your Spells              Type           Power        Failure   Level  Hunger
a - Magic Dart            Conj           ####         1%          1    None
b - Searing Ray           Conj           ####..       1%          2    #......
c - Dazzling Spray        Conj/Hex       ###...       12%         3    ###....


Dungeon Overview and Level Annotations

Branches:
Dungeon (3/15)

Altars:
Cheibriados
Kikubaaqudgha

Annotations:
D:2 Sigmund
D:3 Grinder


Message History

The spray of energy misses the ogre.
The spray of energy hits the bat.
The bat is heavily wounded.
Casting: Dazzling Spray
Confirm with . or Enter, or press ? or * to list all spells.
Aiming: Magic Dart
Press: ? - help, Shift-Dir - straight line, f/p - bat
Aim: a bat (heavily wounded)
The magic dart hits the ogre.
The ogre is moderately wounded.
The ogre closely misses you. The hobgoblin closely misses you.
Casting: Magic Dart
Confirm with . or Enter, or press ? or * to list all spells.
Aiming: Magic Dart
Press: ? - help, Shift-Dir - straight line, f/p - bat
Aim: a bat (heavily wounded)
The magic dart hits the ogre.
The ogre is moderately wounded.
The hobgoblin hits you with a club. The ogre hits you with a giant club!!
Ouch! That really hurt!
You die...

... ..........# #...##
...#####.#......###.....#
.......#.#...s........_.#
.........###.##5#.......#
5.... #..g.......r.....#
....####g###....##Sg....#
...Sg.g..# #..####.######
...(###### #..####S#
..=(###### #.5bO@gg#
#.#.##...###..g#####
...g#..#..##....
#.....###..#...##
....%(.#...# ##.#.#...#K#
.=...<..##.# .....##.# .#
.r.#.#.(.#.#


You could see Grinder, an ogre, an adder, 2 hobgoblins, a goblin and a bat.

Vanquished Creatures
  Robin (D:2)
  A gnoll (D:1)
  2 adders (D:2)
  A worm (D:2)
  2 dart slugs (D:1)
  A leopard gecko (D:1)
  2 ball pythons (D:1)
  2 giant cockroaches (D:1)
  8 goblins
  2 hobgoblins (D:1)
  3 bats (D:1)
  2 frilled lizards
  4 kobolds
  6 rats
37 creatures vanquished.

Notes
Turn   | Place    | Note
-------+----------+-------------------------------------------
     0 | D:1      | Pisosu the Deep Elf Conjurer began the quest for the Orb.
     0 | D:1      | Reached XP level 1. HP: 10/10 MP: 6/6
   163 | D:1      | Reached XP level 2. HP: 15/15 MP: 5/8
   442 | D:1      | Reached skill level 5 in Conjurations
   470 | D:1      | Reached XP level 3. HP: 19/19 MP: 2/9
   474 | D:1      | Learned a level 2 spell: Searing Ray
   478 | D:1      | Learned a level 3 spell: Dazzling Spray
   862 | D:2      | Found an ancient bone altar of Kikubaaqudgha.
   963 | D:2      | Noticed Robin
   969 | D:2      | Killed Robin
   969 | D:2      | Reached XP level 4. HP: 24/24 MP: 3/11
   971 | D:2      | Noticed Sigmund
   994 | D:3      | Noticed Grinder
  1001 | D:3      | Paralysed by Grinder for 2 turns
  1017 | D:3      | Noticed an ogre
  1021 | D:3      | Found a snail-covered altar of Cheibriados.
  1041 | D:3      | Mangled by an ogre

Skill      XL: |  1  2 |
---------------+-------+-----
Conjurations   | 5 |  5.6
Dodging        | |  2.9
Stealth        | |  2.8
Spellcasting   | |  3.9

Action                   |  1- 3 |  4- 6 || total
-------------------------+-------+-------++-------
Melee: Short sword       |     5 |       ||     5
       Halberd           |       |     2 ||     2
 Cast: Magic Dart        |    68 |    11 ||    79
       Dazzling Spray    |       |     1 ||     1
  Use: Scroll            |     5 |       ||     5
       Potion            |       |     2 ||     2
 Stab: Sleeping          |     1 |       ||     1
Armor: Robe              |     1 |     4 ||     5
Dodge: Dodged            |     6 |    30 ||    36
